 Dungeon Crawl Stone Soup version 0.25-a0-98-g0cf78c2f83 (webtiles) character file.

Game seed: 13429094456856427158, levelgen mode: deterministic

52137 MrRokkomies the Fighter (level 14, -1/156 HPs)
             Began as an Ogre Wizard on Nov 13, 2019.
             Was an Elder of Sif Muna.
             Slain by an infernal demonspawn
             ... wielding a cursed +0 mace
              (11 damage)
             ... on level 2 of the Orcish Mines.
             The game lasted 01:13:41 (29713 turns).

MrRokkomies the Fighter (Ogre Wizard)              Turns: 29713, Time: 01:13:41

Health: -1/156     AC: 15    Str: 14    XL:     14   Next: 62%
Magic:  15/27      EV:  9    Int: 23    God:    Sif Muna [****..]
Gold:   2368       SH:  0    Dex:  7    Spells: 1/31 levels left

rFire    . . .     SeeInvis .   E - +1 broad axe (vamp)
rCold    . . .     Gourm    .   (no shield)
rNeg     . . .     Faith    .   K - +2 steam dragon scales
rPois    +         Spirit   .   w - +1 hat
rElec    .         Reflect  .   r - +2 cloak
rCorr    .         Harm     .   (gloves unavailable)
MR       +....                  (boots unavailable)
Stlth    +.........             A - amulet of the acrobat
HPRegen  0.36/turn              R - ring of poison resistance
MPRegen  0.20/turn              B - +3 ring of protection

@: confusing touch, studying Crossbows, drained
A: large, unfitting armour, tough skin 1
a: Channel Magic, Forget Spell, Divine Exegesis, Renounce Religion


You were on level 2 of the Orcish Mines.
You worshipped Sif Muna.
Sif Muna was greatly pleased with you.
You were not hungry.

You visited 4 branches of the dungeon, and saw 19 of its levels.
You visited the Abyss 1 time.
You also visited: Sewer.

You collected 2473 gold pieces.
You spent 105 gold pieces at shops.

Inventory:

Hand Weapons
 a - a +2 war axe of electrocution
 E - a +1 vampiric broad axe (weapon)
 F - a +1 flail of protection
Missiles
 p - 6 javelins (quivered)
 t - 44 boomerangs
Armour
 r - a +2 cloak (worn)
 w - a +1 hat (worn)
 K - +2 steam dragon scales (worn)
 V - the +0 cloak of Inevitability {-Tele rElec rPois rC+}
   (You found it on level 10 of the Dungeon)

   It protects you from cold.
   It insulates you from electricity.
   It protects you from poison.
   It prevents most forms of teleportation.
Magical Staves
 u - an uncursed staff of cold
 D - an uncursed staff of fire
Jewellery
 h - an uncursed amulet of rage
 k - an uncursed ring of protection from fire
 v - an uncursed ring of protection from cold
 A - an amulet of the acrobat (around neck)
 B - a +3 ring of protection (right hand)
 J - an uncursed ring of magical power
 L - an uncursed ring of protection from cold
 P - an uncursed ring of magical power
 R - a ring of poison resistance (left hand)
Wands
 G - a wand of digging (4)
 I - a wand of paralysis (6)
 N - a wand of flame (14)
 S - a wand of enslavement (1)
Scrolls
 f - 6 scrolls of teleportation
 g - 2 scrolls of magic mapping
 o - 9 scrolls of remove curse
 y - 6 scrolls of amnesia
 z - a scroll of identify
 C - a scroll of fog
 H - a scroll of fear
 O - a scroll of enchant weapon
 U - a scroll of blinking
Potions
 c - 4 potions of might
 e - 3 potions of cancellation
 i - 4 potions of flight
 j - 6 potions of curing
 l - 3 potions of lignification
 m - 3 potions of resistance
 n - 5 potions of agility
 q - a potion of invisibility
 s - 3 potions of ambrosia
 Q - a potion of haste
Books
 b - a manual of Crossbows
Miscellaneous
 M - a lamp of fire
 T - a fan of gales
Comestibles
 d - 28 rations


   Skills:
 - Level 14.0(12.6) Fighting
 - Level 12.7(11.3) Axes
 - Level 1.7(0.7) Dodging
 - Level 1.4(0.4) Stealth
 - Level 9.1(7.9) Spellcasting
 * Level 8.8(7.6) Conjurations
 - Level 5.7(4.6) Hexes
 - Level 5.1(4.0) Summonings
 - Level 0.8(0.0) Translocations
 * Level 5.1(4.0) Fire Magic
 - Level 3.1(2.1) Air Magic
 - Level 3.1(2.0) Poison Magic
 + Level 9.7(8.4) Invocations


You had one spell level left.
You knew the following spells:

 Your Spells              Type           Power        Failure   Level  Hunger
a - Magic Dart            Conj           ####         1%          1    None
b - Blink                 Tloc           N/A          11%         2    None
c - Call Imp              Summ           ####....     1%          2    None
d - Mephitic Cloud        Conj/Pois/Air  ####....     4%          3    None
e - Conjure Flame         Conj/Fire      #####...     1%          3    None
f - Confusing Touch       Hex            ####..       1%          1    None
g - Tukima's Dance        Hex            ####....     3%          3    None
h - Searing Ray           Conj           #####.       1%          2    None
i - Fulminant Prism       Conj/Hex       #####.....   5%          4    ###....
j - Iskenderun's Mystic   Conj           #####...     3%          4    ###....
k - Fireball              Conj/Fire      #####.....   19%         5    #####..

Your spell library contained the following spells:

 Spells                   Type           Power        Failure   Level  Hunger
 Corona                   Hex            ####...      1%          1    None
 Slow                     Hex            ####....     1%          2    None
 Dazzling Spray           Conj/Hex       #####.       1%          3    None
 Confuse                  Hex            ####....     3%          3    None
 Summon Guardian Golem    Hex/Summ       ####....     3%          3    None
 Ensorcelled Hibernation  Hex/Ice        ###...       4%          2    None
 Force Lance              Conj/Tloc      ####....     14%         4    ###....
 Summon Lightning Spire   Summ/Air       ###.....     21%         4    ###....
 Gell's Gravitas          Tloc           #.........   22%         3    None
 Aura of Abjuration       Summ           ####......   36%         5    #####..
 Animate Dead             Necr           N/A          56%         4    ###....
 Petrify                  Tmut/Erth      #.......     56%         4    ###....
 Metabolic Englaciation   Hex/Ice        ###.......   58%         5    #####..
 Yara's Violent Unravell  Hex/Tmut       ###.......   58%         5    #####..
 Bolt of Fire             Conj/Fire      #####.....   69%         6    ######.
 Conjure Ball Lightning   Conj/Air       ####......   82%         6    ######.
 Borgnjor's Vile Clutch   Necr/Erth      #.........   89%         5    #####..
 Shadow Creatures         Summ           N/A          90%         6    ######.
 Chain Lightning          Conj/Air       ####......   100%        8    #######


Dungeon Overview and Level Annotations

Branches:
Dungeon (10/15)            Temple (1/1) D:7            Lair (6/6) D:9
  Swamp (0/4) Lair:4        Snake (0/4) Lair:4        Slime (0/5) Lair:5
    Orc (2/2) D:10            Elf (0/3) Orc:2         Sewer (visited)

Altars:
Ashenzari
Cheibriados
Dithmenos
Elyvilon
Fedhas
Gozag
Hepliaklqana
Kikubaaqudgha
Makhleb
Nemelex Xobeh
Okawaru
Qazlal
Ru
Sif Muna
Trog
Uskayaw
Vehumet
Wu Jian
Xom
Yredelemnul
Zin
The Shining One

Shops:
Orc:2 *??

Portals:
Hell: Lair:6
Trove: D:10 (give 12 potions of heal wounds)


Innate Abilities, Weirdness & Mutations

You are too large for most types of armour.
You have tough skin. (AC +1)


Message History

Confirm with . or Enter, or press ? or * to list all spells.
You don't know that spell.
You closely miss the infernal demonspawn.
The infernal demonspawn is severely wounded.
The infernal demonspawn hits you with a cursed +0 mace.
* * * LOW HITPOINT WARNING * * *
You are engulfed in flames!
* * * LOW HITPOINT WARNING * * *
Okay, then.
Unknown command.
You hit the infernal demonspawn but do no damage.
The infernal demonspawn is severely wounded.
The infernal demonspawn completely misses you.
You hit the infernal demonspawn but do no damage.
The infernal demonspawn is severely wounded.
The infernal demonspawn hits you but does no damage.
You hit the infernal demonspawn but do no damage.
The infernal demonspawn is severely wounded.
The infernal demonspawn hits you with a cursed +0 mace!
You die...

.........## #...#.....#
).#.#.#)).###......#.##
......o....###.....###
.#(....#.#.)###.....#
[(..#..)o##)[###....##
[..###..o###[.###....##
..##
##...###..###....####
.##
##...###.6##.)..##.##
## ##...###.@.........#
# #...###.........##
#.#.###...).....# #...
##.[......##
##..........#
#..........## #
##...........### o#
##..............## o[#
###......#...#.....#


You could see an infernal demonspawn.

Vanquished Creatures
  A dire elephant (Lair:6)
  An ettin (Orc:2)
  7 hydras
  A two-headed ogre (D:10)
  A vault guard (D:10)
  Nergalle (Lair:4)
  A sun demon (Lair:6)
  An unseen horror (D:10)
  A wizard (Lair:6)
  5 orc knights
  A lindwurm (Lair:2)
  A cyclops (Orc:1)
  5 orc sorcerers (Orc:2)
  6 elephants (Lair:4)
  A rust devil (Orc:2)
  5 black mambas
  A smoke demon (Lair:6)
  7 spiny frogs
  2 rime drakes
  3 orange demons
  6 komodo dragons
  A red devil (Lair:6)
  3 ice devils (Lair:6)
  A hellwing (Orc:2)
  8 trolls
  A hornet (Lair:2)
  4 polar bears
  9 hippogriffs
  Grinder (D:4)
  7 blink frogs
  A dancing weapon (Orc:2)
  2 spriggans
  4 wyverns
  32 yaks
  3 basilisks
  A hungry ghost (D:10)
  A steam dragon (D:7)
  3 vampire mosquitoes (Lair:4)
  Menkaure (D:6)
  10 wargs
  2 nagas (Lair:4)
  3 hell hounds (Lair:6)
  14 porcupines
  Duvessa (D:7)
  20 water moccasins
  28 orc warriors
  2 sky beasts (D:10)
  4 black bears
  3 ice beasts
  An eye of draining (D:9)
  8 ogres
  2 phantoms
  8 wolves
  A centaur (D:6)
  A big kobold (Sewer)
  18 crocodiles
  15 bullfrogs
  2 gnoll sergeants
  Dowan (D:7)
  A scorpion (D:8)
  A killer bee (D:10)
  4 electric eels (D:10)
  A howler monkey (D:10)
  2 bullfrog zombies
  2 hounds
  2 quasits
  A centaur skeleton (D:9)
  A jelly (Lair:1)
  16 orc wizards
  Crazy Yiuf (D:2)
  25 orc priests
  6 worker ants
  2 iguanas
  A killer bee zombie (D:9)
  A hound skeleton (D:4)
  9 gnolls
  7 adders
  A river rat (Sewer)
  A shadow imp (D:10)
  4 oozes
  An adder skeleton (D:8)
  2 worms (D:2)
  2 dart slugs
  A leopard gecko (D:2)
  71 orcs
  5 giant cockroaches
  5 hobgoblins
  9 jackals
  8 kobolds
  4 quokkas
  A ball python (D:5)
  6 bats
  4 frilled lizards
  3 goblins
  2 jackal skeletons
  10 rats
  4 fungi
  3 plants
515 creatures vanquished.

Vanquished Creatures (collateral kills)
  A black mamba (Lair:2)
  An orc (Orc:2)
2 creatures vanquished.

Vanquished Creatures (others)
  A worm (D:5)
  A butterfly (Lair:5)
  5 fulminant prisms
  25 fungi
  42 plants
74 creatures vanquished.

Grand Total: 591 creatures vanquished

Notes
Turn   | Place    | Note
-------+----------+-------------------------------------------
     0 | D:1      | MrRokkomies the Ogre Wizard began the quest for the Orb.
     0 | D:1      | Reached XP level 1. HP: 16/16 MP: 5/5
    33 | D:1      | Reached skill level 1 in Conjurations
   251 | D:1      | Reached XP level 2. HP: 26/26 MP: 3/6
   255 | D:1      | Learned a level 2 spell: Blink
   267 | D:1      | Learned a level 2 spell: Call Imp
   337 | D:1      | Reached skill level 1 in Fighting
   639 | D:2      | Reached skill level 1 in Summonings
   649 | D:2      | Reached XP level 3. HP: 23/33 MP: 0/8
   682 | D:2      | HP: 1/33 [orc/+0 hand axe (2)]
  1155 | D:2      | Found a glowing silver altar of Zin.
  1280 | D:2      | Found a shimmering altar of Xom.
  1288 | D:2      | Found a basalt altar of Yredelemnul.
  1288 | D:2      | Found an ancient bone altar of Kikubaaqudgha.
  1290 | D:2      | Found a stormy altar of Qazlal.
  1290 | D:2      | Found a basalt altar of Yredelemnul.
  1290 | D:2      | Found a sacrificial altar of Ru.
  1481 | D:2      | Noticed a moth of wrath
  1484 | D:2      | Found a bloodstained altar of Trog.
  1987 | D:2      | Reached XP level 4. HP: 33/42 MP: 10/10
  2324 | D:2      | Found a runed translucent door.
  2325 | D:2      | Noticed Crazy Yiuf
  2332 | D:2      | Learned a level 3 spell: Mephitic Cloud
  2335 | D:2      | Cast into level 1 of the Abyss (Crazy Yiuf)
  2359 | D:2      | Escaped the Abyss
  2363 | D:2      | Killed Crazy Yiuf
  2363 | D:2      | Reached skill level 2 in Fighting
  2705 | D:3      | Reached XP level 5. HP: 19/50 MP: 2/11
  2879 | D:3      | You fall into a shaft and drop 1 floor!
  3086 | D:3      | Found a bloodstained altar of Trog.
  3613 | D:4      | Reached skill level 3 in Fighting
  3613 | D:4      | Reached XP level 6. HP: 56/61 MP: 0/12
  3687 | D:4      | Noticed Grinder
  3717 | D:4      | Paralysed by something for 4 turns
  3724 | D:4      | Killed Grinder
  4016 | D:4      | Reached XP level 7. HP: 56/68 MP: 4/13
  4167 | D:5      | Entered Level 5 of the Dungeon
  4174 | D:5      | Found an opulent altar of Gozag.
  4262 | D:5      | Found a glowing drain.
  4274 | Sewer    | Entered a sewer
  4370 | Sewer    | Reached skill level 4 in Fighting
  4457 | Sewer    | Found a white marble altar of Elyvilon.
  4567 | D:5      | Found a bloodstained altar of Trog.
  4685 | D:5      | Found a white marble altar of Elyvilon.
  4748 | D:5      | You fall into a shaft and drop 2 floors!
  4802 | D:6      | Learned a level 3 spell: Conjure Flame
  4890 | D:6      | Found a shadowy altar of Dithmenos.
  5253 | D:6      | Reached skill level 5 in Conjurations
  5253 | D:6      | Reached XP level 8. HP: 79/79 MP: 14/14
  5255 | D:6      | Found a sacrificial altar of Ru.
  5299 | D:6      | Noticed Menkaure
  5304 | D:6      | Killed Menkaure
  5304 | D:6      | Reached skill level 5 in Fighting
  5304 | D:6      | Reached skill level 5 in Summonings
  5544 | D:6      | Reached skill level 1 in Air Magic
  5659 | D:6      | Reached skill level 1 in Poison Magic
  5880 | D:7      | Found a hazy altar of Hepliaklqana.
  5992 | D:7      | Noticed Dowan
  5993 | D:7      | Noticed Duvessa
  5999 | D:7      | Killed Dowan
  6007 | D:7      | Killed Duvessa
  6399 | D:7      | Found a staircase to the Ecumenical Temple.
  6410 | D:7      | Reached XP level 9. HP: 84/89 MP: 11/15
  6433 | Temple   | Entered the Ecumenical Temple
  6563 | Temple   | Became a worshipper of Sif Muna the Loreminder
  6602 | D:7      | Reached skill level 6 in Fighting
  6814 | D:7      | Reached skill level 1 in Fire Magic
  6896 | D:7      | Found an ancient bone altar of Kikubaaqudgha.
  7010 | D:7      | Found a sparkling altar of Nemelex Xobeh.
  7375 | D:8      | Found a stormy altar of Qazlal.
  7523 | D:8      | Found a blossoming altar of Fedhas.
  7850 | D:8      | Found a hide-covered altar of Uskayaw.
  8083 | D:9      | Reached skill level 7 in Fighting
  8098 | D:9      | Noticed a troll
  8458 | D:9      | Reached XP level 10. HP: 98/102 MP: 10/16
  8494 | D:10     | Entered Level 10 of the Dungeon
  8502 | D:9      | Found a staircase to the Lair.
  8506 | Lair:1   | Entered Level 1 of the Lair of Beasts
  8519 | Lair:1   | Reached * piety under Sif Muna
  8849 | Lair:1   | Reached skill level 5 in Spellcasting
  9221 | Lair:1   | Noticed a black mamba
  9476 | Lair:1   | Learned a level 1 spell: Confusing Touch
  9806 | Lair:1   | Killed a black mamba
  9806 | Lair:1   | Reached skill level 8 in Fighting
  9806 | Lair:1   | Reached skill level 1 in Axes
  9806 | Lair:1   | Reached skill level 1 in Hexes
 11451 | Lair:1   | HP: 4/106 [orc warrior/+0 trident (4)]
 12506 | Lair:2   | Reached skill level 9 in Fighting
 12525 | Lair:2   | Reached XP level 11. HP: 86/115 MP: 5/18
 12552 | Lair:2   | Reached skill level 5 in Axes
 12678 | Lair:2   | Reached skill level 5 in Hexes
 14036 | Lair:2   | Learned a level 3 spell: Tukima's Dance
 14105 | Lair:2   | Reached skill level 10 in Fighting
 14529 | Lair:2   | Reached ** piety under Sif Muna
 14854 | Lair:2   | Noticed a lindwurm
 14884 | Lair:2   | Killed a lindwurm
 15062 | Lair:2   | Learned a level 2 spell: Searing Ray
 15086 | Lair:2   | Noticed a seven-headed hydra
 15627 | Lair:3   | Reached skill level 11 in Fighting
 16432 | Lair:4   | Reached XP level 12. HP: 130/130 MP: 14/21
 16443 | Lair:4   | Noticed a four-headed hydra
 16456 | Lair:4   | Killed a four-headed hydra
 17182 | Lair:4   | Found a staircase to the Swamp.
 17220 | Lair:4   | Learned a level 4 spell: Fulminant Prism
 17225 | Lair:4   | Learned a level 4 spell: Iskenderun's Mystic Blast
 17265 | Lair:4   | Found a staircase to the Snake Pit.
 17327 | Lair:4   | Reached *** piety under Sif Muna
 17339 | Lair:4   | Noticed Nergalle
 17358 | Lair:4   | Killed Nergalle
 17840 | Lair:5   | Reached skill level 12 in Fighting
 17927 | Lair:5   | Noticed a seven-headed hydra
 17934 | Lair:5   | Killed a seven-headed hydra
 18000 | Lair:5   | Found a staircase to the Slime Pits.
 18009 | Lair:5   | Reached skill level 10 in Axes
 18009 | Lair:5   | Reached skill level 1 in Invocations
 18233 | Lair:5   | Noticed an eight-headed hydra
 18245 | Lair:5   | Killed an eight-headed hydra
 18368 | Lair:5   | Reached XP level 13. HP: 122/141 MP: 26/26
 19347 | Lair:6   | Entered Level 6 of the Lair of Beasts
 19678 | Lair:6   | Reached skill level 5 in Invocations
 19684 | Lair:6   | Reached **** piety under Sif Muna
 20434 | Lair:5   | Reached skill level 13 in Fighting
 21441 | Lair:6   | Noticed a dire elephant
 21474 | Lair:6   | Killed a dire elephant
 21916 | Lair:6   | Found a burning altar of Makhleb.
 22506 | Lair:6   | Found a gateway to Hell.
 22514 | Lair:6   | Got a twisted long sword
 22515 | Lair:6   | Identified the +5 long sword "Amaolink" {drain, Fragile rF+
                  | rC+} (You found it on level 6 of the Lair of Beasts)
 23416 | D:10     | Reached XP level 14. HP: 71/153 MP: 2/27
 23843 | D:10     | Found a staircase to the Orcish Mines.
 23857 | D:10     | Got a polished cloak
 23868 | D:10     | Identified the +0 cloak of Inevitability {-Tele rElec rPois
                  | rC+} (You found it on level 10 of the Dungeon)
 24192 | D:10     | Found a portal to a secret trove of treasure.
 24405 | Orc:1    | Entered Level 1 of the Orcish Mines
 24417 | Orc:1    | Reached ***** piety under Sif Muna
 24447 | Orc:1    | Identified Sif Muna's Guide on Confrontation (Sif Muna
                  | gifted it to you on level 1 of the Orcish Mines)
 24447 | Orc:1    | Received a gift from Sif Muna
 24455 | Orc:1    | Learned a level 5 spell: Fireball
 25186 | Orc:2    | Entered Level 2 of the Orcish Mines
 25253 | Orc:2    | Found a staircase to the Elven Halls.
 25640 | Orc:2    | HP: 6/154 [orc priest/divine providence (11)]
 26086 | Orc:2    | Reached skill level 14 in Fighting
 26147 | Orc:2    | Found Aria's General Store.
 27903 | Orc:2    | Found Haim's Magic Scroll Shoppe.
 27904 | Orc:2    | Found Ner Radd's Magic Scroll Emporium.
 27932 | Orc:2    | Identified Nibbusche's Volume of Calling and Darkness (Sif
                  | Muna gifted it to you on level 2 of the Orcish Mines)
 27932 | Orc:2    | Received a gift from Sif Muna
 27952 | Orc:2    | Bought a scroll of blinking for 105 gold pieces
 29184 | Orc:2    | Reached skill level 5 in Fire Magic
 29713 | Orc:2    | Slain by an infernal demonspawn

Levels and vault maps discovered:
D:1:      scummos_arrival_simple_crosswalls, layout_rooms
D:2:      layout_loops_ring, tgw_trog, overflow_temple_1_default,
          doesnt_xom_only_xom, first_ration, uniq_crazy_yiuf_cottage
D:3:      layout_rooms, trog_three_pillars_becter
D:4:      layout_loops_ring, kennysheep_boxes, uniq_grinder
D:5:      layout_basic, nicolae_overflow_crystal_walls, kennysheep_mini,
          cheibrodos_sewer_entry_sluice, basic_altar
D:6:      layout_basic, grunt_dithmenos_smoke_and_mirrors, marbit_many_paths,
          uniq_menkaure
D:7:      layout_loops_ring, lemuel_crystal_altar, lemuel_round_altar,
          lemuel_doored_altar, minmay_temple_entry_arrows, uniq_duvessa
D:8:      layout_gridville, old_standard_altar, eat_drink_and_be_merry_uskayaw,
          old_standard_altar
D:9:      layout_rooms, due_lair_maze_entry_diamond, the_bakery
D:10:     layout_big_octagon, david_orc_3, serial_co_window_serial,
          co_window_corner_a, co_window_of_opportunity_a, co_window_cross_1,
          co_window_paths_a, co_window_corner_a, co_window_2corner,
          co_window_paths_c, co_window_of_opportunity_b, co_window_4corner_a,
          enter_trove_5, enter_bailey_2, kennysheep_generic_room_2
Temple:   compressed_dpeg_triangle_lava_temple
Lair:1:   layout_concentric_octagons, serial_forest, infiniplex_forest_lined_2,
          infiniplex_forest_fountain, infiniplex_forest_zigzag_1,
          infiniplex_forest_clump_curved, infiniplex_forest_corner_2,
          infiniplex_forest_clump_medium, infiniplex_forest_straight_4,
          infiniplex_forest_lined_room_, beast_lair_carwin_10
Lair:2:   cheibrodos_lair_overgrown_chateau, layout_layer_cave,
          infiniplex_staircase_pool_2
Lair:3:   layout_cave_shapes, grunt_forest_stairs_clearing
Lair:4:   beast_lair_carwin_large_2, layout_gridlike, minmay_swamp_entry_swarm,
          minmay_snake_entry_guardpost_medium, lemuel_fruit_tree, uniq_nergalle
Lair:5:   layout_roguey, nicolae_slime_entry_slimehenge, serial_bayou_shore_b,
          lemuel_fruit_fields
Lair:6:   evil_forest, layout_regular_city, grunt_megastairs_4
Orc:1:    layout_caves, nooodl_orcs_dogs
Orc:2:    pf_orc_diabolical, layout_caves, serial_shops, shop

Skill      XL: |  1  2  3  4  5  6  7  8  9 10 11 12 13 14 |
---------------+-------------------------------------------+-----
Conjurations   | 1 2 3 4 5 6 7 8 |  8.8
Fighting       | 1 2 3 4 5 7 9 11 12 13 14 | 14.0
Spellcasting   | 4 5 6 9 |  9.1
Summonings     | 1 2 3 4 5 |  5.1
Air Magic      | 2 3 |  3.1
Poison Magic   | 2 3 |  3.1
Fire Magic     | 3 5 |  5.1
Axes           | 4 8 10 12 | 12.7
Hexes          | 4 5 |  5.7
Invocations    | 2 8 9 |  9.7
Dodging        | |  1.7
Stealth        | |  1.4
Translocations | |  0.8

Action                   |  1- 3 |  4- 6 |  7- 9 | 10-12 | 13-15 || total
-------------------------+-------+-------+-------+-------+-------++-------
Melee: Dagger            |    49 |    15 |       |       |       ||    64
       Short sword       |     6 |       |       |       |       ||     6
       Flail             |    87 |       |    73 |    62 |       ||   222
       Quarterstaff      |       |    47 |   151 |       |       ||   198
       Broad axe         |       |       |       |    86 |   525 ||   611
       War axe           |       |       |       |   397 |   318 ||   715
Throw: Javelin           |       |     3 |       |       |       ||     3
 Cast: Magic Dart        |    50 |    49 |   151 |   250 |   182 ||   682
       Call Imp          |       |     5 |     1 |     3 |       ||     9
       Mephitic Cloud    |       |       |    10 |    27 |    13 ||    50
       Conjure Flame     |       |       |     1 |     7 |    12 ||    20
       Confusing Touch   |       |       |       |    16 |    17 ||    33
       Blink             |       |       |       |    15 |    16 ||    31
       Searing Ray       |       |       |       |     9 |    13 ||    22
       Iskenderun's Myst |       |       |       |     4 |    75 ||    79
       Fulminant Prism   |       |       |       |     1 |     4 ||     5
       Fireball          |       |       |       |       |    12 ||    12
       Tukima's Dance    |       |       |       |       |     4 ||     4
Invok: Channel Magic     |       |       |       |       |     3 ||     3
  Use: Scroll            |     4 |     7 |     4 |    14 |     4 ||    33
       Potion            |       |       |       |     8 |     2 ||    10
 Stab: Paralysed         |       |       |     3 |       |       ||     3
       Confused          |       |       |     1 |    16 |    14 ||    31
       Sleeping          |       |       |       |     1 |       ||     1
  Eat: Chunk             |     3 |     2 |    14 |    22 |    31 ||    72
       Ration            |       |     1 |     1 |     3 |     6 ||    11
Armor: Robe              |    59 |    44 |    72 |       |       ||   175
       Steam dragon scal |       |       |   111 |   372 |   445 ||   928
Dodge: Dodged            |    92 |    34 |   210 |   476 |   565 ||  1377

Table legend:
 A = Non-vault XP
 B = Vault XP
 C = Vault XP percentage of total XP
 D = Non-vault monster count
 E = Vault monster count
 F = Vault count percentage of total count
                 A         B        C        D         E       F
            +---------+---------+-------+---------+---------+-------
      Total |   40861 |   33621 |  45.1 |     339 |     171 |  33.5
            +---------+---------+-------+---------+---------+-------
        D:1 |      24 |       0 |   0.0 |      14 |       0 |   0.0
        D:2 |      48 |      54 |  52.9 |      22 |       6 |  21.4
        D:3 |     140 |       0 |   0.0 |      15 |       0 |   0.0
        D:4 |     104 |     272 |  72.3 |       6 |       1 |  14.3
        D:5 |     318 |       2 |   0.6 |       6 |       2 |  25.0
        D:6 |     484 |     172 |  26.2 |      13 |       1 |   7.1
        D:7 |    1036 |     211 |  16.9 |      15 |       2 |  11.8
        D:8 |     520 |       0 |   0.0 |      11 |       0 |   0.0
        D:9 |    1220 |    1133 |  48.2 |      11 |      10 |  47.6
       D:10 |    5080 |    1366 |  21.2 |      52 |       8 |  13.3
     Lair:1 |    1189 |    1285 |  51.9 |       8 |       9 |  52.9
     Lair:2 |    3899 |    3050 |  43.9 |      23 |      16 |  41.0
     Lair:3 |    2083 |     939 |  31.1 |      12 |       6 |  33.3
     Lair:4 |    7205 |    4662 |  39.3 |      31 |      12 |  27.9
     Lair:5 |    4730 |    1060 |  18.3 |      14 |       5 |  26.3
     Lair:6 |    4596 |   10829 |  70.2 |      15 |      26 |  63.4
      Orc:1 |    4087 |    1683 |  29.2 |      41 |      13 |  24.1
      Orc:2 |    4098 |    6778 |  62.3 |      30 |      43 |  58.9
      Sewer |       0 |     125 | 100.0 |       0 |      11 | 100.0
            +---------+---------+-------+---------+---------+-------
